 Dungeon Crawl Stone Soup version 0.22-a0-571-g4a923d4 (webtiles) character file.

2760 kae the Insei (level 9, -1/68 HPs)
             Began as a Demonspawn Transmuter on July 1, 2018.
             Was a Follower of Okawaru.
             Slain by an ice beast (7 damage)
             ... on level 8 of the Dungeon.
             The game lasted 00:07:58 (8124 turns).

kae the Insei (Demonspawn Transmuter)               Turns: 8124, Time: 00:07:59

Health: -1/68      AC:  9    Str: 10    XL:     9   Next: 41%
Magic:  14/16      EV: 12    Int: 15    God:    Okawaru [*.....]
Gold:   237        SH:  0    Dex: 17    Spells: 3/18 levels left

rFire    . . .     SeeInvis .   k - +3 dagger (venom)
rCold    . . .     Gourm    .   (no shield)
rNeg     . . .     Faith    .   b - +0 robe
rPois    .         Spirit   .   j - +1 helmet
rElec    .         Reflect  .   g - +0 cloak
rCorr    .         Harm     .   (no gloves)
MR       .....                  (boots unavailable)
Stlth    +++.......             (no amulet)
HPRegen  0.21/turn              e - ring of stealth
MPRegen  0.15/turn              (no ring)

@: about to teleport
A: hooves 3, iridescent scales 2, nightstalker 1
a: Heroism, Renounce Religion


You were on level 8 of the Dungeon.
You worshipped Okawaru.
Okawaru was aware of your devotion.
You were not hungry.

You visited 1 branch of the dungeon, and saw 8 of its levels.

You collected 237 gold pieces.

Inventory:

Hand Weapons
 k - a +3 dagger of venom (weapon)
Missiles
 a - 105 arrows
Armour
 b - a +0 robe (worn)
 g - a +0 cloak (worn)
 j - a +1 helmet (worn)
Jewellery
 e - a ring of stealth (left hand)
 w - an uncursed amulet of harm
Scrolls
 c - 2 scrolls of enchant armour
 f - a scroll of remove curse
 h - 7 scrolls of teleportation
 i - a scroll of identify
 m - a scroll of summoning {unknown}
 u - a scroll of immolation
 x - a scroll of magic mapping
Potions
 o - 2 potions of agility
 p - a potion of magic
 q - 3 potions of might
 r - 4 potions of lignification
 t - a potion of ambrosia
 v - a potion of flight
Comestibles
 d - 12 rations
 n - 3 chunks of flesh


   Skills:
 + Level 5.0 Fighting
 - Level 1.7 Dodging
 * Level 7.2 Unarmed Combat
 + Level 5.0 Spellcasting
 * Level 7.0 Transmutations
 + Level 3.4 Invocations


You had 3 spell levels left.
You knew the following spells:

 Your Spells              Type           Power        Failure   Level  Hunger
a - Beastly Appendage     Tmut           ###...       1%          1    None
b - Sticks to Snakes      Tmut           ###.....     1%          2    ##.....
c - Spider Form           Tmut/Pois      ##........   12%         3    ###....
d - Blade Hands           Tmut           ###.......   26%         5    ######.
e - Ice Form              Ice/Tmut       ##......     36%         4    ####...

Your spell library contained the following spells:

 Spells                   Type           Power        Failure   Level  Hunger
 Freezing Cloud           Conj/Ice/Air   #.........   100%        6    #######
 Freeze                   Ice            #...         16%         1    None
 Ozocubu's Armour         Chrm/Ice       #.......     43%         3    ###....
 Shatter                  Erth           #.........   100%        9    #######
 Sandblast                Erth           #.....       16%         1    None


Dungeon Overview and Level Annotations

Branches:
Dungeon (8/15)             Temple (0/1) D:6
   Lair: D:8-11

Altars:
Dithmenos
Fedhas
Okawaru
Ru
Yredelemnul

Shops:
D:5 (   D:7 [


Innate Abilities, Weirdness & Mutations

You have hooves in place of feet.
You are mostly covered in iridescent scales. (AC +4)
You are slightly more attuned to the shadows.


Message History

You completely miss the orc. The yak gores you.
* * * LOW HITPOINT WARNING * * *
The ice beast completely misses you. The orc misses you.
You barely miss the orc.
The yak bellows!
You kick the orc.
The orc is almost dead.
You feel like a meek peon again.
The yak gores you but does no damage. x2
The ice beast hits you but does no damage.
The hound barks!
You hit the orc.
You kill the orc!
Okawaru accepts your kill. The yak closely misses you. The yak gores you.
* * * LOW HITPOINT WARNING * * *
The ice beast hits you.
* * * LOW HITPOINT WARNING * * *
The ice beast freezes you!
You die...

.##.## ####...##..
.##.### #...........
......###...........
#.#.................
#.#................#
#..>..............##
............(.....#
..#......#######)##
.........#######@###.##
#........†..†..YYYY....
............†.YY....[
...#.#..####......h..
....?##.. #....%(...
..#.. ###. .......... .
.# ............ ..
............
............


You could see 5 yaks, an ice beast and a hound.

Vanquished Creatures
  Grinder (D:4)
  A spriggan (D:7)
  A steam dragon (D:8)
  Duvessa (D:4)
  An ice beast (D:5)
  2 ogres (D:4)
  A black bear (D:8)
  A necrophage (D:5)
  2 centaurs
  2 bullfrogs (D:6)
  Dowan (D:4)
  3 scorpions
  9 killer bees
  2 crimson imps
  A bullfrog zombie (D:6)
  A jelly (D:5)
  3 orc priests
  Crazy Yiuf (D:4)
  A gnoll shaman (D:4)
  3 orc wizards
  4 bullfrog skeletons
  3 iguanas
  2 worker ants
  Robin (D:4)
  3 gnolls (D:4)
  7 adders
  3 shadow imps
  An ooze (D:2)
  An adder zombie (D:6)
  A worm (D:2)
  3 dart slugs
  7 leopard geckos
  20 orcs
  3 giant cockroaches
  2 gnoll zombies (D:4)
  15 goblins
  11 hobgoblins
  4 quokkas
  2 ball pythons
  5 bats
  7 frilled lizards
  A jackal skeleton (D:5)
  A jackal zombie (D:5)
  7 kobolds
  A leopard gecko skeleton (D:6)
  2 quokka skeletons
  A quokka zombie (D:5)
  9 rats
165 creatures vanquished.

Vanquished Creatures (collateral kills)
  A frilled lizard (D:2)
1 creature vanquished.

Vanquished Creatures (others)
  An orc wizard (D:3)
  4 jackals (D:8)
  A quokka (D:8)
6 creatures vanquished.

Grand Total: 172 creatures vanquished

Notes
Turn   | Place    | Note
-------+----------+-------------------------------------------
     0 | D:1      | kae the Demonspawn Transmuter began the quest for the Orb.
     0 | D:1      | Reached XP level 1. HP: 15/15 MP: 3/3
   523 | D:1      | Lost mutation: You have claws for feet. [demonic ancestry]
   523 | D:1      | Lost mutation: You have razor-sharp toenails. [demonic ancestry]
   523 | D:1      | Lost mutation: You have sharp toenails. [demonic ancestry]
   523 | D:1      | Gained mutation: You have large cloven feet. [demonic ancestry]
   523 | D:1      | Reached XP level 2. HP: 21/21 MP: 3/5
  1017 | D:1      | Reached XP level 3. HP: 20/26 MP: 4/6
  1765 | D:2      | Learned a level 2 spell: Sticks to Snakes
  2115 | D:2      | Gained mutation: You are partially covered in iridescent scales. (AC +2) [demonic ancestry]
  2115 | D:2      | Reached XP level 4. HP: 28/33 MP: 4/7
  2404 | D:3      | Gained mutation: You have hoof-like feet. [demonic ancestry]
  2404 | D:3      | Reached XP level 5. HP: 33/38 MP: 8/8
  2628 | D:3      | Found a blossoming altar of Fedhas.
  3124 | D:4      | Noticed an ogre
  3132 | D:4      | Killed an ogre
  3132 | D:4      | Gained mutation: You have hooves in place of feet. [demonic ancestry]
  3132 | D:4      | Reached XP level 6. HP: 46/46 MP: 10/10
  3149 | D:4      | Found a sacrificial altar of Ru.
  3311 | D:4      | Learned a level 3 spell: Spider Form
  3313 | D:4      | Noticed Robin
  3364 | D:4      | Killed Robin
  3664 | D:4      | Noticed Duvessa
  3664 | D:4      | Noticed Dowan
  3683 | D:4      | Killed Duvessa
  3683 | D:4      | Gained mutation: You are mostly covered in iridescent scales. (AC +4) [demonic ancestry]
  3683 | D:4      | Reached XP level 7. HP: 12/52 MP: 8/12
  3694 | D:4      | Killed Dowan
  3992 | D:4      | Reached skill level 5 in Unarmed Combat
  4343 | D:4      | Reached skill level 5 in Transmutations
  4466 | D:4      | Noticed Grinder
  4479 | D:4      | Paralysed by Grinder for 3 turns
  4486 | D:4      | Killed Grinder
  4486 | D:4      | Reached XP level 8. HP: 35/60 MP: 11/14
  4633 | D:4      | Found a runed door.
  4706 | D:4      | Found a basalt altar of Yredelemnul.
  4906 | D:4      | Noticed Crazy Yiuf
  4916 | D:4      | Killed Crazy Yiuf
  5017 | D:5      | Entered Level 5 of the Dungeon
  5262 | D:5      | Found Ceve's Weapon Emporium.
  5304 | D:5      | Identified Kedoasoa's Catalogue of the Frigorific Rocks
  5335 | D:5      | Found a shadowy altar of Dithmenos.
  5555 | D:5      | Found an iron altar of Okawaru.
  5620 | D:5      | Became a worshipper of Warmaster Okawaru
  5698 | D:5      | Reached skill level 1 in Invocations
  6542 | D:6      | Found a staircase to the Ecumenical Temple.
  7245 | D:7      | Gained mutation: You are slightly more attuned to the shadows. [demonic ancestry]
  7245 | D:7      | Reached XP level 9. HP: 55/64 MP: 12/16
  7357 | D:7      | Learned a level 5 spell: Blade Hands
  7362 | D:7      | Learned a level 4 spell: Ice Form
  7377 | D:7      | Reached * piety under Okawaru
  7655 | D:7      | Found Kaekk's Armour Shoppe.
  8107 | D:8      | Reached skill level 5 in Fighting
  8107 | D:8      | Reached skill level 5 in Spellcasting
  8124 | D:8      | Slain by an ice beast

Vault maps used:
D:1:      dpeg_arrival_tiny_k
D:2:      minmay_misc_feat_rows, kennysheep_generic_room_2
D:3:      nicolae_overflow_hidden_temple
D:4:      lemuel_zombie_altar_yredelemnul, nicolae_overflow_crystal_walls,
          first_ration, uniq_robin, uniq_crazy_yiuf_cottage, uniq_duvessa,
          uniq_grinder
D:5:      serial_shops, shop, basic_altar, okawaru_ov_weapons_minmay
D:6:      minmay_temple_entry_statues_fountains,
          hangedman_abyss_or_decor_stagger
D:7:      serial_shops, nicolae_shop_waterfront, the_bakery

Skill      XL: |  1  2  3  4  5  6  7  8  9 |
---------------+----------------------------+-----
Transmutations | 2 3 4 5 6 7 |  7.0
Unarmed Combat | 3 4 5 6 7 |  7.2
Fighting       | 2 3 4 5 |  5.0
Spellcasting   | 3 4 5 |  5.0
Invocations    | 2 3 |  3.4
Dodging        | |  1.7

Action                   |  1- 3 |  4- 6 |  7- 9 || total
-------------------------+-------+-------+-------++-------
Melee: Unarmed           |    98 |    58 |   178 ||   334
       Kick              |    16 |    34 |    29 ||    79
       Punch             |     2 |     2 |     4 ||     8
       Headbutt          |     2 |       |       ||     2
       Dagger            |    38 |   103 |   120 ||   261
 Cast: Beastly Appendage |    12 |       |       ||    12
       Sticks to Snakes  |     3 |     1 |     1 ||     5
       Spider Form       |       |     6 |    22 ||    28
Invok: Heroism           |       |       |     2 ||     2
  Use: Potion            |     1 |     2 |     4 ||     7
       Scroll            |       |       |    18 ||    18
 Stab: Sleeping          |     1 |     1 |     2 ||     4
  Eat: Chunk             |     4 |     6 |    13 ||    23
       Ration            |       |       |     1 ||     1
Armor: Robe              |    32 |    10 |    57 ||    99
       Skin              |       |       |    12 ||    12
Dodge: Dodged            |   106 |    93 |   234 ||   433

Table legend:
 A = Spawn XP
 B = Non-spawn XP
 C = Spawn XP percentage of total XP
 D = Spawn monster count
 E = Non-spawn monster count
 F = Spawn count percentage of total count
 G = Total turns spent on level
                    A         B        C        D         E        F      G
               +---------+---------+-------+---------+---------+-------+---------
         Total |       0 |    3944 |   0.0 |       0 |     167 |   0.0 |  8124
               +---------+---------+-------+---------+---------+-------+---------
           D:1 |       0 |      41 |   0.0 |       0 |      22 |   0.0 |  1159
           D:2 |       0 |      63 |   0.0 |       0 |      23 |   0.0 |  1041
           D:3 |       0 |     202 |   0.0 |       0 |      29 |   0.0 |   924
           D:4 |       0 |    1344 |   0.0 |       0 |      36 |   0.0 |  1893
           D:5 |       0 |     787 |   0.0 |       0 |      29 |   0.0 |  1295
           D:6 |       0 |     266 |   0.0 |       0 |       9 |   0.0 |   809
           D:7 |       0 |     661 |   0.0 |       0 |      11 |   0.0 |   814
           D:8 |       0 |     580 |   0.0 |       0 |       8 |   0.0 |   189
               +---------+---------+-------+---------+---------+-------+---------
